AoeStats
← Cuervo

Nomad

503737757Analyzed
3v3 RM · 1mo ago on Sep 2, 2026· 97m 5s· 6 players
Game mode
Random Map
Map size
210×210
Population
200
Speed
Normal
Resources
Standard
Victory
Conquest
Starting age
Dark Age
Ending age
Imperial Age
RankedLock teamsTeams togetherTeam positionsShared explorationLock speedFull tech treeHidden civsTurbo modeCheats
Victory
Defeat
🇩🇿 Vietnamese · Algeria
1120
+13
🇺🇸 Tatars · United States
1090
+14
🇹🇼 Japanese · Taiwan
1053
+16
🇨🇱 Berbers · Chile
1104
-17
🇦🇷 Koreans · Argentina
1058
-15
🇦🇷 Vietnamese · Argentina
993
-12
一杯冰美式
4:30 Loom
5:42 Loom
7:08 Loom
15:36 Feudal Age
16:10 Double-Bit Axe
16:53 Town Watch
17:49 Fishing Lines
20:48 Castle Age
19:30 Gold Mining
22:58 Wheelbarrow
23:18 Medium Warships
23:12 Stone Mining
24:09 Gold Shaft Mining
25:12 Gillnets
26:49 Hand Cart
32:34 Imperial Age
31:33 Demolition Ship
35:40 Bow Saw
36:41 Forging
36:31 Scale Mail Armor
37:07 Conscription
36:09 Elite Samurai
38:40 Iron Casting
38:20 Chain Mail Armor
40:29 Blast Furnace
39:53 Arson
40:09 Squires
40:46 Plate Mail Armor
kinggsa1
4:27 Loom
14:58 Feudal Age
15:37 Fishing Lines
17:02 Wheelbarrow
16:42 Double-Bit Axe
21:24 Castle Age
21:11 Bloodlines
21:05 Padded Archer Armor
20:55 Fletching
22:42 Husbandry
22:39 Gillnets
24:43 Horse Collar
27:43 Medium Warships
28:52 Bodkin Arrow
29:52 Heavy Plow
38:59 Scale Barding Armor
39:04 Forging
41:52 Imperial Age
41:06 Hand Cart
40:43 Town Watch
41:57 Forging
42:07 Chain Barding Armor
42:05 Leather Archer Armor
46:54 Light Cavalry
47:55 Elite Skirmisher
49:54 Plate Barding Armor
50:40 Ring Archer Armor
51:24 Silk Armor
51:29 Imperial Skirmisher
55:15 Bracer
55:51 Iron Casting
57:47 Elite Keshik
58:11 Hussar
59:58 Blast Furnace
65:03 Caravan
66:21 Capped Ram
79:58 Timurid Siegecraft
86:20 Heavy Scorpion
86:33 Heavy Camel Rider
ayoubDZtv
8:06 Loom
15:35 Feudal Age
21:04 Castle Age
21:44 Fletching
23:27 Bodkin Arrow
28:01 Double-Bit Axe
36:27 Padded Archer Armor
37:26 Horse Collar
40:16 Leather Archer Armor
46:45 Elite Skirmisher
49:20 Thumb Ring
49:47 Bow Saw
56:11 Wheelbarrow
56:52 Coinage
61:05 Imperial Age
60:57 Squires
62:18 Scale Barding Armor
62:16 Scale Mail Armor
62:27 Forging
62:11 Pikeman
62:21 Pikeman
62:32 Imperial Skirmisher
62:56 Halberdier
63:53 Chain Mail Armor
64:39 Iron Casting
64:21 Hand Cart
65:21 Ring Archer Armor
66:02 Arson
66:19 Bracer
66:50 Plate Mail Armor
68:05 Ballistics
68:30 Paper Money
74:26 Chemistry
78:18 Capped Ram
VZ | Thyrfing
4:12 Loom
7:26 Loom
16:42 Feudal Age
17:17 Double-Bit Axe
21:15 Wheelbarrow
24:23 Castle Age
24:08 Gold Mining
24:05 Fishing Lines
25:31 Medium Warships
26:04 Gillnets
28:43 Forging
29:57 Gold Shaft Mining
31:22 Hand Cart
30:52 Town Watch
36:26 Horse Collar
39:55 Imperial Age
38:35 Stone Mining
40:40 Stone Shaft Mining
40:26 Kasbah
40:53 Ballistics
41:37 Conscription
43:35 Fletching
43:46 Padded Archer Armor
44:55 Bodkin Arrow
45:15 Leather Archer Armor
46:19 Chemistry
45:26 Siege Engineers
44:54 Elite Camel Archer
45:51 Bracer
48:09 Ring Archer Armor
50:35 Husbandry
50:45 Bloodlines
49:56 Light Cavalry
49:58 Cavalier
49:58 Heavy Camel Rider
51:31 Maghrebi Camels
55:05 Hussar
56:00 Scale Barding Armor
56:30 Iron Casting
58:20 Heavy Plow
59:02 Chain Barding Armor
59:42 Blast Furnace
67:55 Plate Barding Armor
68:21 Blast Furnace
93:54 Hoardings
94:36 Town Patrol
Cuervo
6:21 Loom
13:47 Feudal Age
18:56 Castle Age
18:28 Double-Bit Axe
19:21 Fletching
23:33 Forging
25:07 Bow Saw
26:11 Wheelbarrow
26:43 Scale Mail Armor
30:44 Elite Skirmisher
32:17 Squires
34:10 Hand Cart
34:14 Stone Mining
36:05 Bodkin Arrow
37:00 Thumb Ring
37:07 Gold Mining
40:51 Imperial Age
38:08 Elite Skirmisher
39:19 Town Watch
39:24 Horse Collar
43:29 Chemistry
42:49 Ballistics
42:35 Siege Engineers
42:08 Elite Fire Lancer
42:10 Crossbowman
59:42 Fishing Lines
61:03 Gold Shaft Mining
62:26 Gillnets
62:55 Imperial Skirmisher
68:56 Bracer
69:32 Iron Casting
69:13 Chain Mail Armor
79:27 Pikeman
CasquetE
5:53 Loom
14:19 Feudal Age
14:51 Double-Bit Axe
17:20 Town Watch
19:11 Fletching
26:56 Castle Age
27:05 Wheelbarrow
27:51 Thumb Ring
27:09 Crossbowman
27:55 Thumb Ring
32:35 Bodkin Arrow
32:41 Padded Archer Armor
33:04 Ballistics
37:02 Leather Archer Armor
39:48 Imperial Age
39:36 Murder Holes
41:48 Chemistry
42:24 Paper Money
41:41 Elite Genitour
43:59 Bracer
44:30 Ring Archer Armor
51:33 Elite Rattan Archer
78:09 Bloodlines
77:19 Light Cavalry
78:26 Husbandry
86:17 Bow Saw
Connection lost

Rejoining the realm…

Still unreachable

The connection could not be restored.

Session expired

The server has moved on; the page needs a fresh start.